 Dungeon Crawl Stone Soup version 0.16-a0-3501-g08befd0 (webtiles) character file.

205 KaKa the Slasher (level 5, -1/42 HPs)
             Began as a Demonspawn Abyssal Knight on Jan 6, 2015.
             Was a Priest of Lugonu.
             Slain by a hobgoblin (4 damage)
             ... on level 3 of the Dungeon.
             The game lasted 00:12:40 (2771 turns).

KaKa the Slasher (Demonspawn Abyssal Knight)        Turns: 2771, Time: 00:12:41

Health: -1/42      AC:  3    Str: 13    XL:     5   Next: 52%
Magic:  6/6        EV: 13    Int: 14    God:    Lugonu [***...]
Gold:   118        SH:  0    Dex: 12    Spells: 0 memorised, 4 levels left

rFire  . . .     SeeInvis .     b - +0 long sword
rCold  . . .     Clarity  .     v - +0 leather armour
rNeg   . . .     SustAb   .     (no shield)
rPois  .         Gourm    .     (helmet restricted)
rElec  .         Spirit   .     (no cloak)
rCorr  .         Warding  .     (no gloves)
rMut   .         Stasis   .     (no boots)
MR     .....                    (no amulet)
Stlth  +.........               (no ring)
                                (no ring)

@: not resistant to hostile enchantments, very unstealthy
A: horns 1, repulsion field 1
a: Depart the Abyss, Bend Space, Banish, Renounce Religion


You were on level 3 of the Dungeon.
You worshipped Lugonu.
Lugonu was most pleased with you.
You were not hungry.

You visited 1 branch of the dungeon, and saw 3 of its levels.
You visited the Abyss 1 time.

You collected 118 gold pieces.

Inventory:

Hand weapons
 a - a +0 hunting sling
 b - a +0 long sword (weapon)
Missiles
 f - 20 stones (quivered)
Armour
 v - a +0 leather armour (worn)
 w - a +0 chain mail
Jewellery
 u - an uncursed ring of sustain abilities {unknown}
Scrolls
 i - a scroll of random uselessness {unknown}
 j - a scroll of fog {unknown}
 k - a scroll of enchant armour {unknown}
 m - a scroll of fear {unknown}
 n - a scroll of blinking {unknown}
 p - a scroll of identify {unknown}
 s - a scroll of remove curse {unknown}
 t - a scroll of enchant weapon {unknown}
Potions
 d - a potion of restore abilities {unknown}
 e - a potion of brilliance {unknown}
 g - a potion of magic {unknown}
 o - a potion of mutation {unknown}
 q - a potion of beneficial mutation {unknown}
 r - 2 potions of curing {unknown}
Books
 l - a book of Control

   Spells                             Type                      Level
   a - Control Teleport               Charms/Translocation         4
   b - Control Undead                 Necromancy                   4
   c - Enslavement                    Hexes                        4
   d - Metabolic Englaciation         Hexes/Ice                    5
   e - Mass Confusion                 Hexes                        6
Comestibles
 c - 4 bread rations
 h - 2 meat rations


   Skills:
 - Level 4.0 Fighting
 + Level 4.7 Long Blades
 - Level 1.7 Armour
 - Level 0.8 Dodging
 - Level 2.4 Invocations


You had 4 spell levels left.
You didn't know any spells.

Dungeon Overview and Level Annotations

Branches:
Dungeon (3/15)

Altars:
Kikubaaqudgha
Sif Muna
Xom

Annotations:
D:3 tehnar's ghost, average DECj


Innate Abilities, Weirdness & Mutations

You have a pair of small horns on your head.
You are surrounded by a mild repulsion field (EV +2).


Message History

You butcher the hobgoblin corpse.
Things that are here:
a club; a chunk of flesh; a hobgoblin skeleton The hobgoblin shouts!
The hobgoblin barely misses you.
You completely miss the hobgoblin.
You headbutt the hobgoblin, but do no damage.
The hobgoblin barely misses you. The hobgoblin closely misses you.
You hit the hobgoblin. Your headbutt misses the hobgoblin.
The hobgoblin is lightly wounded.
The hobgoblin hits you but does no damage.
You barely miss the hobgoblin. The hobgoblin closely misses you.
You barely miss the hobgoblin. Your headbutt misses the hobgoblin.
The hobgoblin misses you.
The gnoll hits you from afar with a halberd!
* * * LOW HITPOINT WARNING * * *
A gnoll comes into view. It is wielding a halberd.
There is a stone staircase leading up, spattered with blood here.
The hobgoblin hits you.
You die...

###### #....#
#....# ..
#....# gg##
#....#
'l.#@...#
#.#g...##
#.g.....#
#.#.....#
#.#)....# #
#.....#
#.#.....#
##.##.......#
......>.....#


You could see a gnoll and a hobgoblin.

Vanquished Creatures
  2 orc priests (D:3)
  2 gnolls (D:3)
  3 adders
  2 worms (D:2)
  3 orcs
  A ball python (D:3)
  16 bats
  3 giant cockroaches
  12 goblins
  11 hobgoblins
  9 jackals
  2 quokkas (D:2)
  4 giant geckos
  3 kobolds
  11 rats
84 creatures vanquished.

Vanquished Creatures (others)
  A human (D:2)
1 creature vanquished.

Grand Total: 85 creatures vanquished

Notes
Turn   | Place    | Note
--------------------------------------------------------------
     0 | Abyss:1  | KaKa, the Demonspawn Abyssal Knight, began the quest for the Orb.
     0 | Abyss:1  | Reached XP level 1. HP: 18/18 MP: 1/1
     0 | D:1      | Escaped the Abyss
    20 | D:1      | Acquired Lugonu's first power
   199 | D:1      | Gained mutation: You have a pair of small horns on your head. [demonic ancestry]
   199 | D:1      | Reached XP level 2. HP: 24/24 MP: 2/2
   787 | D:2      | Reached XP level 3. HP: 22/29 MP: 4/4
   836 | D:2      | Found a shimmering altar of Xom.
  1100 | D:2      | Found an ancient bone altar of Kikubaaqudgha.
  1105 | D:2      | Noticed a human
  1106 | D:2      | Killed a human
  1124 | D:2      | Acquired Lugonu's second power
  1319 | D:2      | Reached skill level 4 in Fighting
  1681 | D:2      | Reached XP level 4. HP: 37/37 MP: 5/5
  1796 | D:2      | Found a deep blue altar of Sif Muna.
  2161 | D:3      | Gained mutation: You are surrounded by a mild repulsion field (EV +2). [demonic ancestry]
  2161 | D:3      | Reached XP level 5. HP: 38/42 MP: 6/6
  2328 | D:3      | Acquired Lugonu's third power
  2332 | D:3      | Noticed tehnar's ghost (average DECj)
  2384 | D:3      | Noticed an ogre
  2769 | D:3      | HP: 2/42 [gnoll/halberd (11)]
  2771 | D:3      | Slain by a hobgoblin

Action                   |  1- 3 |  4- 6 || total
-------------------------+-------+-------++-------
Melee: Falchion          |   142 |       ||   142
       Long sword        |     3 |   104 ||   107
 Fire: Hunting sling     |       |    16 ||    16
Invok: Depart the Abyss  |     1 |       ||     1
  Eat: Chunk             |     2 |     5 ||     7
